 Dungeon Crawl Stone Soup version 0.28.0 (webtiles) character file.

Game seed: 18144375854324860840

718 jfcaron the Summoner (level 7, -5/36 HPs)
             Began as a Tengu Summoner on Feb 12, 2022.
             Slain by a wraith (11 damage)
             ... on level 5 of the Dungeon.
             The game lasted 00:18:12 (5069 turns).

jfcaron the Summoner (Tengu Summoner)               Turns: 5069, Time: 00:18:12

Health: -5/36      AC:  4    Str:  9    XL:     7   Next: 70%
Magic:  14/14      EV: 14    Int: 17    God:
Gold:   107        SH:  0    Dex: 14    Spells: 1/14 levels left

rFire   . . .      SeeInvis .   y - +0 spear
rCold   . . .      Faith    .   (no shield)
rNeg    . . .      Spirit   .   i - +1 leather armour
rPois   .          Reflect  .   (helmet restricted)
rElec   .          Harm     .   (no cloak)
rCorr   .          Rampage  .   (no gloves)
Will    .....                   (boots unavailable)
Stlth   ++........              D - amulet of magic regeneration
HPRegen 0.12/turn               e - ring of wizardry
MPRegen 0.54/turn               (no ring)

@: flying quickly and evasively, hasted and slowed, quick
A: beak, talons 3, nimble flight
a: no special abilities


You were on level 5 of the Dungeon.
You visited 2 branches of the dungeon, and saw 6 of its levels.

You collected 196 gold pieces.
You spent 89 gold pieces at shops.

Inventory:

Hand Weapons
 h - a +0 dagger
 w - a +0 hunting sling
 x - a +0 halberd
 y - a +0 spear (weapon)
Missiles
 d - 150 stones (quivered)
 m - 8 poisoned darts
 o - 32 sling bullets
 p - 107 arrows
 u - 60 bolts
Armour
 i - a +1 leather armour (worn)
Jewellery
 e - a ring of wizardry (left hand)
 A - an amulet of the acrobat
 C - a ring of fire
 D - an amulet of magic regeneration (around neck)
Scrolls
 c - a scroll of blinking {unknown}
 f - a scroll of teleportation {unknown}
 j - a scroll of torment {unknown}
 q - a scroll of summoning
 t - a scroll of silence {unknown}
Potions
 a - a potion of cancellation {unknown}
 b - a potion of mutation {unknown}
 g - a potion of berserk rage
 k - 3 potions of lignification
 l - 2 potions of brilliance
 r - 2 potions of might
 B - a potion of flight


   Skills:
 + Level 3.0 Polearms
 - Level 2.2 Dodging
 - Level 2.0 Stealth
 - Level 4.0 Spellcasting
 * Level 9.2 Summonings


You had one spell level left.
You knew the following spells:

 Your Spells              Type           Power      Damage    Failure   Level
a - Summon Small Mammal   Summ           100%       N/A       1%          1
b - Call Imp              Summ           34%        N/A       1%          2
c - Call Canine Familiar  Summ           34%        N/A       1%          3
d - Summon Guardian Gole  Hex/Summ       19%        N/A       4%          3
e - Summon Lightning Spi  Summ/Air       19%        N/A       13%         4

Your spell library contained the following spells:

 Spells                   Type           Power      Damage    Failure   Level
 Storm Form               Tmut/Air       1%         N/A       100%        7
 Maxwell's Capacitive Co  Air            1%         ∞         100%        8


Dungeon Overview and Level Annotations

Branches:
Dungeon (5/15)             Temple (1/1) D:4

Altars:
Cheibriados
Dithmenos
Elyvilon
Fedhas
Hepliaklqana
Kikubaaqudgha
Makhleb
Qazlal
Sif Muna
Trog
Uskayaw
Vehumet
Xom
Yredelemnul
Zin

Shops:
D:5 [(*=*

Annotations:
D:5 1 exclusion, Grinder


Innate Abilities, Weirdness & Mutations

You have a beak for a mouth.
You have claws for feet.
Your magical nature lets you fly swiftly and evasively.


Message History

Your white imp gestures at the wraith.
The puff of frost hits the wraith.
The wraith resists.
You feel yourself speed up. The wraith hits you. The wraith drains your vigour!
You feel yourself slow down.
Your quokka bites the wraith but does no damage.
Found an escape hatch in the floor.
Your quokka closely misses the wraith.
The wraith hits you. The wraith drains your vigour!
You feel as though you will be slow longer.
Your white imp gestures at the wraith.
The puff of frost hits the wraith.
The wraith resists.
Your quokka bites the wraith but does no damage.
The wraith hits you!
* * * LOW HITPOINT WARNING * * *
The wraith drains your vigour!
You feel as though you will be slow longer.
Your white imp gestures at the wraith.
The puff of frost hits the wraith but does no damage.
Your quokka bites the wraith but does no damage.
Your quokka bites the wraith but does no damage.
Your quokka bites the wraith.
Your white imp gestures at the wraith.
The puff of frost hits the wraith.
The wraith resists.
Unknown command.
You aren't carrying any items that you can evoke.
Your white imp disappears in a puff of smoke!
The wraith closely misses your quokka.
Your quokka bites the wraith but does no damage. x2
Your quokka bites the wraith.
The wraith is engulfed in a cloud of scalding steam.
The wraith closely misses your quokka.
Your quokka bites the wraith but does no damage. x2
The wraith hits your quokka!
Your quokka dies!
Your quokka's corpse disappears in a puff of smoke!
The wraith completely misses you. The wraith barely misses you.
You feel yourself speed up. The wraith barely misses you. The wraith hits you!
You die...

#.#*#.#(.####,**,*#.#****,**,****
#.#*,....#..,,,,,##.##***,##,**,,
#..,,......##,***#...,,,,,.,,,,,*
###*,........,* #..#****.#*,****
* ***#...#'#** #..#####.#*,,,,, *
#..,#.# #.....>..#****** *
#(###.######.##...### *
#.'..∩..'..≈§≈≈≈##.# *
#.###.###.@W###≈..h#******
#######...#.#....§#∩#≈...#..,,,*
..........#+#....≈#'#≈...#..,,,*
.................§§.≈≈h....,,,,*
.........................#..,,,*
#######...###.†..........#....,*
#...# #............#*###** #...#
#####.......## #...#
####.####*###***#


You could see a wraith.

Vanquished Creatures
  An ice beast (D:5)
  A necrophage (D:5)
  An ogre (D:3)
  3 hounds
  A bullfrog zombie (D:4)
  A jelly (D:4)
  Natasha (thrice) (D:2)
  3 iguanas
  A howler monkey zombie (D:5)
  4 gnolls (D:4)
  3 adders
  4 worms
  3 dart slugs
  An orc (D:3)
  10 ball pythons
  6 endoplasms
  A giant cockroach (D:2)
  9 goblins
  5 hobgoblins
  5 kobolds
  3 bats
  5 frilled lizards
  5 rats
  7 plants (D:3)
86 creatures vanquished.

Notes
Turn   | Place    | Note
-------+----------+-------------------------------------------
     0 | D:1      | jfcaron the Tengu Summoner began the quest for the Orb.
     0 | D:1      | Reached XP level 1. HP: 10/10 MP: 4/4
   151 | D:1      | Reached skill level 5 in Summonings
   178 | D:1      | Reached XP level 2. HP: 15/15 MP: 3/6
   191 | D:1      | Learned a level 2 spell: Call Imp
   443 | D:1      | Found a faded altar of an unknown god.
   950 | D:2      | Reached XP level 3. HP: 19/19 MP: 3/7
  1006 | D:2      | You fall into a shaft and drop 2 floors!
  1012 | D:4      | Noticed an ogre
  1100 | D:2      | Learned a level 3 spell: Call Canine Familiar
  1225 | D:2      | Noticed Natasha
  1236 | D:2      | Killed Natasha
  1237 | D:2      | Reached XP level 4. HP: 20/24 MP: 2/9
  1238 | D:2      | Reached skill level 6 in Summonings
  1242 | D:2      | Learned a level 3 spell: Summon Guardian Golem
  1991 | D:2      | Noticed Natasha
  2001 | D:2      | Killed Natasha
  2170 | D:2      | Noticed Natasha
  2179 | D:2      | Killed Natasha
  2180 | D:2      | Gained mutation: Your magical nature lets you fly swiftly
                  | and evasively. [Tengu growth]
  2180 | D:2      | Reached XP level 5. HP: 10/28 MP: 6/10
  2610 | D:3      | Killed an ogre
  2611 | D:3      | Reached skill level 7 in Summonings
  2611 | D:3      | Reached XP level 6. HP: 29/32 MP: 5/12
  3991 | D:4      | Found a staircase to the Ecumenical Temple.
  4000 | Temple   | Entered the Ecumenical Temple
  4351 | D:4      | Reached skill level 1 in Polearms
  4356 | D:4      | Learned a level 4 spell: Summon Lightning Spire
  4375 | D:4      | Reached skill level 8 in Summonings
  4483 | D:4      | Reached XP level 7. HP: 34/36 MP: 12/14
  4726 | D:5      | Entered Level 5 of the Dungeon
  4726 | D:5      | Found Burui's Antique Armour Shop.
  4727 | D:5      | Noticed a wraith
  4798 | D:5      | Found Vearunep's General Store.
  4832 | D:5      | Found a white marble altar of Elyvilon.
  4866 | D:5      | Reached skill level 9 in Summonings
  4963 | D:5      | Found Enaisil's Antique Weapon Boutique.
  4964 | D:5      | Noticed Grinder
  4992 | D:5      | Found Aquduf's Jewellery Shoppe.
  5014 | D:5      | Found Vitigh's Assorted Antiques.
  5019 | D:5      | Bought a viscous green potion for 20 gold pieces
  5019 | D:5      | Bought a scroll labelled ZOIROC VERHO for 23 gold pieces
  5019 | D:5      | Bought a scroll labelled TEOFUON SANKI for 23 gold pieces
  5019 | D:5      | Bought a scroll labelled VUTHRYI NUGU for 23 gold pieces
  5053 | D:5      | HP: 3/36 [wraith (12)]
  5069 | D:5      | Slain by a wraith

Illustrated notes

Levels and vault maps discovered:
D:1:      amcnicky_arrival_double_pillar, layout_rooms,
          ebering_ecumenical_altar_sacrificial, feat_on_display
D:2:      layout_basic, uniq_natasha
D:3:      layout_rooms, serial_bayou, serial_bayou_crossing,
          serial_bayou_lagoon_a, serial_bayou_ford_a, serial_bayou_pond_c
D:4:      layout_cave_pools, temple_pool_b, chequers_ossuary_entry_cave,
          kennysheep_crisscross, minmay_misc_feat_chi
D:5:      layout_loops_cross, elyvilon_altar_5, serial_shops, shop,
          nicolae_shop_hallway_plus, shop, kennysheep_mini_moat, shop,
          uniq_duvessa, uniq_grinder
Temple:   eino_narrow_crystal_temple

Skill      XL: |  1  2  3  4  5  6  7 |
---------------+----------------------+-----
Summonings     | 5 6 7 8 9 |  9.2
Spellcasting   | 3 4 |  4.0
Polearms       | 1 3 |  3.0
Dodging        | |  2.2
Stealth        | |  2.0

Action                   |  1- 3 |  4- 6 |  7- 9 || total
-------------------------+-------+-------+-------++-------
Melee: Hand axe          |     3 |       |       ||     3
       Kick              |     8 |    11 |     3 ||    22
       Peck              |     9 |     7 |       ||    16
       Dagger            |    32 |    32 |       ||    64
       Halberd           |       |    13 |       ||    13
       Spear             |       |     1 |    23 ||    24
Throw: Dart              |       |    18 |       ||    18
       Stone             |       |    27 |     1 ||    28
 Cast: Summon Small Mamm |    30 |    11 |     9 ||    50
       Call Imp          |     9 |    10 |     4 ||    23
       Call Canine Famil |     1 |    15 |     4 ||    20
       Summon Guardian G |       |     1 |       ||     1
  Use: Scroll            |       |       |    10 ||    10
       Potion            |       |       |     1 ||     1
 Stab: Sleeping          |     4 |     2 |       ||     6
       Distracted        |       |       |     2 ||     2
Armor: Robe              |     3 |       |       ||     3
       Leather armour    |     4 |     8 |     3 ||    15
Dodge: Dodged            |    19 |    41 |    11 ||    71
